 Dungeon Crawl Stone Soup version 0.20.1-1-g8b1a95d (console) character file.

72 bli the Conjurer (level 4, 0/24 HPs)
             Began as a Gargoyle Conjurer on July 28, 2017.
             Slain by CitizenNev's ghost (14 damage)
             ... on level 3 of the Dungeon.
             The game lasted 00:12:10 (1564 turns).

bli the Conjurer (Gargoyle Conjurer)                Turns: 1564, Time: 00:12:11

Health: 0/24       AC:  7    Str: 12    XL:     4   Next: 26%
Magic:  1/8        EV: 11    Int: 16    God:
Gold:   54         SH:  0    Dex: 10    Spells: 3/9 levels left

rFire    . . .     SeeInvis .   h - +0 club
rCold    . . .     Gourm    .   (no shield)
rNeg     + . .     Faith    .   j - +0 leather armour
rPois    ∞         Spirit   .   (no helmet)
rElec    +         Reflect  .   (no cloak)
rCorr    .         Harm     +   q - +0 pair of gloves
MR       .....                  (no boots)
Stlth    ++........             g - amulet of harm
Regen    0.1/turn               (no ring)
MPRegen  0.2/turn               (no ring)

@: no status effects
A: negative energy resistance 1, electricity resistance, unbreathing,
petrification resistance, rot immunity, AC +3
a: no special abilities


You were on level 3 of the Dungeon.
You were not hungry.

You visited 1 branch of the dungeon, and saw 3 of its levels.

You collected 54 gold pieces.

Inventory:

Hand Weapons
 h - a +0 club (weapon)
Missiles
 p - 37 stones (quivered)
Armour
 a - a +0 robe
 j - a +0 leather armour (worn)
 l - a +0 ring mail
 q - a +0 pair of gloves (worn)
Jewellery
 g - an amulet of harm (around neck)
 o - an uncursed ring of protection from fire {unknown}
Scrolls
 e - 3 scrolls of teleportation {unknown}
 f - 4 scrolls of identify {unknown}
 i - 2 scrolls of remove curse {unknown}
 r - a scroll of enchant armour {unknown}
Potions
 d - 2 potions of agility {unknown}
 k - a potion of mutation {unknown}
 n - a potion of heal wounds {unknown}
 s - a potion of resistance {unknown}
Books
 b - a book of Conjurations

   Spells                             Type                      Level
   a - Magic Dart                     Conjuration                  1
   b - Searing Ray                    Conjuration                  2
   c - Dazzling Spray                 Conjuration/Hexes            3
   d - Fulminant Prism                Conjuration/Hexes            4
   e - Force Lance                    Conjuration/Translocation    4
   f - Iskenderun's Mystic Blast      Conjuration                  4
Comestibles
 c - a bread ration
 m - 2 chunks of flesh
 t - 2 fruits


   Skills:
 + Level 0.2 Fighting
 + Level 0.2 Maces & Flails
 + Level 2.0 Dodging
 + Level 2.5 Stealth
 + Level 3.0 Spellcasting
 + Level 5.0 Conjurations


You had 3 spell levels left.
You knew the following spells:

 Your Spells              Type           Power        Failure   Level  Hunger
a - Magic Dart            Conj           ###.         3%          1    #......
d - Dazzling Spray        Conj/Hex       ##....       26%         3    ###....
r - Searing Ray           Conj           ###...       4%          2    ##.....


Dungeon Overview and Level Annotations

Branches:
Dungeon (3/15)

Altars:

Annotations:
D:2 Robin
D:3 CitizenNev's ghost, amateur CeFi


Innate Abilities, Weirdness & Mutations

You are resistant to torment.
Your stone body is resilient. (AC +3)
You are immune to poison.
You resist negative energy. (rN+)
You are resistant to electric shocks. (rElec)
You can survive without breathing.
You are immune to petrification.
You are immune to rotting.


Message History

(Press . to maintain the ray.)
The searing ray hits CitizenNev's ghost.
CitizenNev's ghost is lightly damaged.
CitizenNev's ghost hits you!
The searing ray hits CitizenNev's ghost.
CitizenNev's ghost is moderately damaged.
CitizenNev's ghost hits you but does no damage.
The searing ray misses CitizenNev's ghost.
You finish channeling your searing ray.
CitizenNev's ghost barely misses you.
Casting: Searing Ray
Confirm with . or Enter, or press ? or * to list all spells.
Aiming: Searing Ray
Press: ? - help, Shift-Dir - straight line, f/p - CitizenNev's ghost
Aim: CitizenNev's ghost (moderately damaged)
The searing ray hits CitizenNev's ghost.
CitizenNev's ghost is moderately damaged. (Press . to maintain the ray.) CitizenNev's ghost hits you!
Ouch! That really hurt!
You die...

## .#
.##############
..............#
.############.##
.# #..# .# ##.# .#
#.# .# . #.#
######
....##.##########
.<....
.........@.....?..
######
########W########g
#.# ... .....
...... ........
..####..#


You could see CitizenNev's ghost.

Vanquished Creatures
  A gnoll (D:3)
  2 adders
  A dart slug (D:1)
  2 giant cockroaches
  5 goblins
  5 hobgoblins
  7 jackals (D:1)
  A quokka (D:2)
  8 bats
  3 frilled lizards (D:1)
  3 kobolds
  5 rats
43 creatures vanquished.

Notes
Turn   | Place    | Note
-------+----------+-------------------------------------------
     0 | D:1      | bli the Gargoyle Conjurer began the quest for the Orb.
     0 | D:1      | Reached XP level 1. HP: 10/10 MP: 3/3
   284 | D:1      | Reached XP level 2. HP: 15/15 MP: 0/5
   755 | D:1      | Reached skill level 5 in Conjurations
   866 | D:1      | Reached XP level 3. HP: 19/19 MP: 2/6
   892 | D:1      | Learned a level 2 spell: Searing Ray
  1035 | D:2      | Noticed Robin
  1182 | D:2      | Learned a level 3 spell: Dazzling Spray
  1345 | D:3      | Reached XP level 4. HP: 24/24 MP: 5/8
  1560 | D:3      | Noticed CitizenNev's ghost (amateur CeFi)
  1564 | D:3      | Slain by CitizenNev's ghost

Skill      XL: |  1  2  3  4 |
---------------+-------------+-----
Conjurations   | 5 |  5.0
Dodging        | 2 |  2.0
Spellcasting   | 3 |  3.0
Fighting       | |  0.2
Maces & Flails | |  0.2
Stealth        | |  2.5

Action                   |  1- 3 |  4- 6 || total
-------------------------+-------+-------++-------
Melee: Club              |    28 |     3 ||    31
 Cast: Magic Dart        |    66 |    11 ||    77
       Searing Ray       |     1 |     2 ||     3
  Eat: Chunk             |     2 |     1 ||     3
Armor: Robe              |    10 |     1 ||    11
       Leather armour    |       |     1 ||     1
Dodge: Dodged            |    24 |     2 ||    26
